 Dungeon Crawl Stone Soup version 0.31-a0-331-geda263fcf1 (webtiles) character file.

Game seed: 16285239237510990630

2 hellse the Changeling (level 1, -1/20 HPs)
             Began as a Troll Shapeshifter on July 19, 2023.
             Slain by a goblin
             ... wielding a +2 dagger of electrocution
              (17 damage)
             ... on level 1 of the Dungeon.
             The game lasted 00:00:04 (98 turns).

hellse the Changeling (Troll Shapeshifter)            Turns: 98, Time: 00:00:05

Health: -1/20      AC:  4    Str: 22    XL:     1   Next: 33%
Magic:  0/0        EV:  9    Int:  4    God:
Gold:   0          SH:  0    Dex: 10    Spells: 0/0 levels left

rFire   . .          .
                       - Unarmed
rCold   . . .        (no shield)
rNeg    . . .        a - +0 animal skin
rPois   .            (helmet currently unavailable)
rElec   .            (cloak currently unavailable)
rCorr   .            (gloves unavailable)
SInv    .            (boots unavailable)
Will    .....        (no amulet)
Stlth   +            (no ring)
HPRegen 1.03/turn    (no ring)
MPRegen 0.07/turn

%: no passive effects
@: beast-form
A: beast (slay +2), large, unfitting armour, claws 3, regeneration 1, shaggy fur
1, tough skin 1
a: Begin Untransformation


You were on level 1 of the Dungeon.
You were a hulking beast.
You visited 1 branch of the dungeon, and saw 1 of its levels.

Inventory:

Armour
 a - a +0 animal skin (worn)
Talismans
 c - a beast talisman
Scrolls
 d - a scroll of immolation {unknown}
 e - a scroll of identify {unknown}
Potions
 b - a potion of lignification


   Skills:
 + Level 1.7 Fighting
 - Level 1.5 Dodging
 + Level 2.1 Unarmed Combat
 - Level 3.0 Shapeshifting


You couldn't memorise any spells.
You didn't know any spells.
Your spell library was empty.

Dungeon Overview and Level Annotations

Branches:
Dungeon (1/15)

Altars:


Innate Abilities, Weirdness & Mutations

You are a hulking beast.
Your limbs bulge with bestial killing power. (Slay +2)
You are too large for most types of armour.
You have claws for hands.
Your natural rate of healing is unusually fast.
You are covered in fur. (AC +1)
You have tough skin. (AC +1)


Message History

A rat is nearby!
A rat is nearby!
Found a scroll labelled YRITSE ZYKIF.
The rat bites you but does no damage.
A rat is nearby!
You scratch the rat.
You kill the rat!
e - a scroll labelled YRITSE ZYKIF No target in view!
A kobold comes into view. It is wielding a +0 short sword.
The kobold shouts!
You hear a shout!
A frilled lizard comes into view.
There are monsters nearby!
There are monsters nearby!
The kobold hits you with a +0 short sword.
There are monsters nearby!
You scratch the kobold.
You kill the kobold!
A frilled lizard is nearby!
The frilled lizard barely misses you.
Things that are here:
a +0 short sword; a kobold corpse A frilled lizard is nearby!
You barely miss the frilled lizard. The frilled lizard barely misses you.
A frilled lizard is nearby!
You miss the frilled lizard. The frilled lizard closely misses you.
A frilled lizard is nearby!
You claw the frilled lizard!
You kill the frilled lizard!
A goblin comes into view.
It is wielding a +2 dagger of electrocution.
The goblin shouts!
A quokka comes into view.
There are monsters nearby!
You barely miss the goblin. Your claw misses the goblin.
The goblin hits you with a +2 dagger of electrocution.
There are monsters nearby!
You closely miss the quokka.
The goblin hits you with a +2 dagger of electrocution.
You are electrocuted!
Ouch! That really hurt!
You die...

# ...#...##.##... ..
.####.#.#.#...#†#.#.#
...#...#...#...#...#
#.#.#.#.#...#.#.#.#
....#.).##.##...#..
#.#.#.#.......#.#.# ##
#.#...##.###.##...#
##...#r#.#...........#.#
......gh.##.###.###.##..
.#...###...............#
## ##.###.###.###.##
##.....### #... ##. .##
###. # ## ##


You could see a quokka and a goblin.

Vanquished Creatures
  A kobold (D:1)
  A frilled lizard (D:1)
  A rat (D:1)
3 creatures vanquished.

Notes
Turn   | Place    | Note
-------+----------+-------------------------------------------
     0 | D:1      | hellse the Troll Shapeshifter began the quest for the Orb.
     0 | D:1      | Reached XP level 1. HP: 19/19 MP: 0/0
    98 | D:1      | Slain by a goblin

Illustrated notes

Levels and vault maps discovered:
D:1:      scummos_arrival_simple_crosswalls, layout_loops_corners,
          ebering_ecumenical_altar_webs, nicolae_concentric_dashed_squares_mild,
          minmay_misc_feat_x

Action                     || total
---------------------------++-------
  Melee: Unarmed           ||     7
 Armour: Animal skin       ||     1
  Dodge: Dodged            ||     3

Table legend: (Time is in decaauts)
 A = Elapsed time spent in this place.
 B = Non-inter-level travel time spent in this place.
 C = Inter-level travel time spent in this place.
 D = Time resting spent in this place.
 E = Time spent auto-exploring this place.
 F = Levels seen in this place.
 G = Mean time per level.
                   A        B        C        D        E       F      G
               +--------+--------+--------+--------+--------+-----+--------+
         Total |     97 |     97 |      0 |      0 |     77 |   1 |   97.0 |
       Dungeon |     97 |     97 |      0 |      0 |     77 |   1 |   97.0 |
               +--------+--------+--------+--------+--------+-----+--------+

Top non-repeatable levels by time:
     D:1: 97 daAuts
